 Dungeon Crawl Stone Soup version 0.14-a0-2001-g390038d (webtiles) character file.

72365 Mitsuki the Eclecticist (level 14, -4/67 (68) HPs)
             Began as a Deep Elf Conjurer on Jan 15, 2014.
             Was the Champion of Vehumet.
             Slain by lorenz's ghost (11 damage)
             ... on Level 4 of the Orcish Mines on Jan 18, 2014.
             The game lasted 04:40:54 (31092 turns).

Mitsuki the Eclecticist (Deep Elf Conjurer)        Turns: 31092, Time: 04:40:55

HP  -4/67 (68)   AC 12     Str 12      XL: 14   Next: 92%
MP  31/40        EV 12     Int 23      God: Vehumet [******]
Gold 2376        SH  8     Dex 15      Spells: 13 memorised,  5 levels left

rFire  . . .     SeeInvis .     E - staff of conjuration
rCold  . . .     Clarity  .     h - +3 robe of the Bulwark {Str+1 Stlth}
rNeg   . . .     Conserve +     I - +0 buckler
rPois  +         rCorr    .     j - +0 helmet
rElec  .         rRot     .     y - +0 cloak
SustAb . .       Spirit   .     A - +2 pair of elf gloves {Str+3}
rMut   .         Warding  .     N - +1 pair of boots {Fly}
Saprov . . .     Stasis   .     o - amulet of conservation
MR     +....                    J - ring of poison resistance
                                r - ring of regeneration

@: flying, somewhat resistant to hostile enchantments, quite stealthy
A: no striking features
a: Renounce Religion, Stop Flying


You were on level 4 of the Orcish Mines.
You worshipped Vehumet.
Vehumet was exalted by your worship.
You were not hungry.

You visited 4 branches of the dungeon, and saw 27 of its levels.
You also visited: Labyrinth.

You collected 2427 gold pieces.
You spent 51 gold pieces at shops.

Inventory:

Hand weapons
 H - the +0,+0 Staff of Olgreb {rPois}
   (You found it in a labyrinth)

   It protects you from poison.
Armour
 f - a +0 pair of boots of jumping
 h - the +3 robe of the Bulwark (worn) {Str+1 Stlth}
   (You found it on level 4 of the Dungeon)

   It affects your strength (+1).
   It makes you more stealthy.
 j - a +0 helmet (worn)
 y - a +0 cloak (worn)
 A - a +2 pair of elven gloves of strength (worn)
 I - a +0 buckler (worn)
 L - a +2 robe of magic resistance
 N - a +1 pair of boots of flying (worn)
Magical devices
 d - a wand of disintegration (5)
 k - a wand of slowing (11)
 z - a wand of digging (5)
Comestibles
 b - 10 bread rations
 s - a meat ration
 K - 2 chunks of orc flesh
Scrolls
 i - 5 scrolls of identify
 m - a scroll of enchant weapon I
 p - 11 scrolls of teleportation
 w - a scroll of enchant armour
 B - 13 scrolls of remove curse
 F - a scroll of fear
 M - a scroll of recharging
 O - a scroll of vulnerability {unknown}
Jewellery
 l - an uncursed ring of positive energy
 o - an amulet of conservation (around neck)
 r - a ring of regeneration (left hand)
 v - an uncursed ring of protection from cold
 C - an uncursed amulet of the gourmand
 J - a ring of poison resistance (right hand)
Potions
 c - 2 potions of heal wounds
 e - 5 potions of might
 n - 2 potions of lignification
 t - 4 potions of restore abilities
 u - a potion of curing
Magical staves
 g - an uncursed staff of summoning
 D - an uncursed staff of fire
 E - an uncursed staff of conjuration (weapon)


   Skills:
 - Level 2.4 Dodging
 - Level 4.4 Stealth
 - Level 1.0 Shields
 + Level 18.7 Spellcasting
 - Level 16.5 Conjurations
 - Level 16.0 Fire Magic
 - Level 0.2 Evocations


You had 5 spell levels left.
You knew the following spells:

 Your Spells              Type           Power        Failure   Level  Hunger
a - Magic Dart            Conj           ####         0%          1    None
b - Iskenderun's Battles  Conj/Chrm      ######..     1%          4    None
c - Throw Flame           Conj/Fire      ######       0%          2    None
d - Mephitic Cloud        Conj/Pois/Air  ######..     1%          3    None
f - Ignite Poison         Fire/Trmt      ######....   1%          5    None
g - Iron Shot             Conj/Erth      ######....   4%          6    ###....
h - Ensorcelled Hibernat  Hex/Ice        ###...       3%          2    None
i - Apportation           Tloc           ###.......   2%          1    None
j - Summon Small Mammal   Summ           ###.         2%          1    None
k - Bolt of Fire          Conj/Fire      #######...   1%          6    ###....
l - Force Lance           Conj           #######.     1%          5    None
m - Confuse               Hex            ###.....     10%         3    None
n - Poisonous Cloud       Conj/Pois/Air  ######....   12%         6    ###....


Dungeon Overview and Level Annotations

Branches:
Dungeon (14/16)            Temple (1/1) D:4             Orc (4/4) D:11
    Elf (0/3) Orc:3          Lair (8/8) D:10         Shoals (0/5) Lair:6
 Spider (0/5) Lair:5        Slime (0/6) Lair:7
 Vaults: D:14-15

Altars:
Ashenzari
Cheibriados
Elyvilon
Kikubaaqudgha
Makhleb
Nemelex Xobeh
Okawaru
Sif Muna
Trog
Vehumet
Xom
Yredelemnul
Zin
the Shining One
Jiyva

Shops:
D:4 [   D:6 /   Orc:3 =}=[(

Annotations:
Orc:4 lorenz's ghost, powerful HOSk


Message History

Lorenz's ghost gestures wildly while chanting.
Lorenz's ghost seems to move somewhat quicker.
Lorenz's ghost hits you!
There is a stone staircase leading up here.
Casting: Iskenderun's Battlesphere
Confirm with . or Enter, or press ? or * to list all spells.
Aiming: Iron Shot
Press: ? - help, Shift-Dir - straight line, f - lorenz's ghost
Aim: lorenz's ghost (moving somewhat quickly)
You feel a surge of power!
The iron shot hits lorenz's ghost.
Lorenz's ghost is lightly damaged.
Your battlesphere fires!
The barrage of energy hits lorenz's ghost.
Lorenz's ghost is lightly damaged.
Lorenz's ghost hits you!
* * * LOW HITPOINT WARNING * * *
Lorenz's ghost hits you!
* * * LOW HITPOINT WARNING * * *
You are electrocuted!
You die...

......#).%#.##...................
.........#..........#...........#
........##.[.....................
.................................
....#......#..........#..........
...###..#..###....%*.............
..###.......##............... .
.## ##..)..##............... ##
##...####.p@.......... .# ##...
#..).........$ ..# ...#
#....#........ .# .##
##..#........ . ####.......
......# ..#### ... ..##


You could see lorenz's ghost.

Vanquished Creatures
  Donald (Orc:3)
  Maud (Lair:4)
  A minotaur (Lab)
  Josephine (D:11)
  3 hydras
  Erica (D:10)
  4 death yaks
  A centaur warrior (D:13)
  Urug (D:13)
  Nergalle (D:11)
  An unseen horror (D:10)
  4 hill giants
  Pikel (D:9)
  Joseph (Orc:3)
  2 griffons
  A black mamba (Lair:5)
  15 elephants
  Maurice (D:11)
  An octopode (D:10)
  A feature mimic (Lair:1)
  A queen ant (Lair:7)
  A spriggan druid (Lair:8)
  9 spiny frogs
  Psyche (D:8)
  A fire drake (Lair:7)
  A wandering mushroom (Lair:6)
  8 giant fireflies (Lair:8)
  9 komodo dragons
  A two-headed ogre (D:11)
  5 trolls
  A hydra skeleton (D:10)
  Prince Ribbit (D:4)
  13 spriggans
  A griffon zombie (D:13)
  6 grizzly bears
  A trapdoor spider (D:14)
  15 blink frogs
  2 wyverns
  2 basilisks
  2 wraiths
  A water elemental (D:11)
  36 yaks
  A hungry ghost (D:10)
  Eustachio (D:7)
  An elephant slug (Lair:4)
  2 hill giant skeletons
  8 sharks
  Grum (Orc:2)
  A steam dragon (D:11)
  10 hippogriffs
  2 necrophages (D:10)
  2 manticores
  4 vampire mosquitoes (D:13)
  16 soldier ants (Lair:7)
  Menkaure (D:5)
  8 porcupines
  5 swamp worms (Lair:1)
  25 wolves
  3 sky beasts
  6 black bears (Lair:8)
  9 orc warriors
  8 giant goldfish
  14 centaurs
  4 phantoms
  2 boring beetles (Lair:7)
  2 slaves (D:9)
  A warg (Orc:3)
  3 ice beasts
  11 ogres
  24 giant frogs
  12 crocodiles
  Duvessa (D:5)
  A brain worm (D:13)
  8 giant slugs
  A komodo dragon zombie (D:11)
  10 water moccasins
  2 gnoll sergeants (D:10)
  10 agate snails
  A komodo dragon skeleton (D:13)
  A hippogriff zombie (D:10)
  A manticore skeleton (D:11)
  An eye of draining (D:13)
  14 killer bees
  2 jellyfish (Lair:1)
  8 wights
  14 electric eels
  Dowan (D:5)
  6 crimson imps
  7 jellies
  11 big fish
  2 goliath beetles
  A quasit (D:9)
  14 hounds
  5 iguanas
  37 worker ants
  22 orc wizards
  A troll simulacrum (D:11)
  11 orc priests
  A scorpion (D:10)
  12 sheep (Lair:8)
  A mottled dragon zombie (D:11)
  Ijyb (D:4)
  A mottled dragon skeleton (D:13)
  An ogre skeleton (D:9)
  5 gnolls (D:10)
  50 green rats
  A sky beast simulacrum (D:11)
  30 adders
  4 giant centipedes
  2 giant mites
  15 worms
  An adder zombie (D:7)
  A giant centipede zombie (D:7)
  An adder skeleton (D:6)
  16 giant geckos
  An ooze (D:7)
  111 orcs
  23 bats
  A bat zombie (D:7)
  21 hobgoblins
  22 jackals
  10 quokkas
  6 giant cockroaches
  2 giant gecko skeletons
  7 giant newts
  2 giant spores
  21 goblins
  9 kobolds
  A kobold skeleton (D:5)
  25 rats
  A rat skeleton (D:7)
  13 ballistomycetes
  A fungus (Lair:8)
  A plant (Lair:6)
962 creatures vanquished.

Vanquished Creatures (collateral kills)
  3 worker ants (Lair:7)
3 creatures vanquished.

Vanquished Creatures (others)
  A slave (D:10)
  A hound (Lair:1)
  A worker ant (Lair:7)
  A giant gecko (D:9)
  A giant spore (D:8)
  A kobold (D:9)
  A butterfly (D:9)
  3 fungi (Lair:7)
  3 plants
13 creatures vanquished.

Grand Total: 978 creatures vanquished

Notes
Turn   | Place    | Note
--------------------------------------------------------------
     0 | D:1      | Mitsuki, the Deep Elf Conjurer, began the quest for the Orb.
     0 | D:1      | Reached XP level 1. HP: 10/10 MP: 5/5
   209 | D:1      | Reached XP level 2. HP: 15/15 MP: 4/8
   316 | D:1      | Reached skill level 5 in Conjurations
   863 | D:1      | Reached XP level 3. HP: 19/19 MP: 8/11
  1510 | D:2      | Reached skill level 6 in Conjurations
  1510 | D:2      | Reached XP level 4. HP: 24/24 MP: 8/14
  1516 | D:2      | Learned a level 4 spell: Iskenderun's Battlesphere
  2428 | D:3      | Found a white marble altar of Elyvilon.
  2684 | D:4      | Noticed an ogre
  2717 | D:4      | Reached XP level 5. HP: 28/28 MP: 12/16
  2750 | D:4      | Got an ichor-stained robe
  2756 | D:4      | Identified the +3 robe of the Bulwark {Str+1 Stlth} (You found it on level 4 of the Dungeon)
  2757 | D:4      | Upgraded the game from 0.14-a0-1876-g927fc3a to 0.14-a0-1969-g2c76abe
  2926 | D:4      | Reached skill level 7 in Conjurations
  2927 | D:4      | Noticed Prince Ribbit
  2929 | D:4      | Noticed an ogre
  2933 | D:4      | Killed an ogre
  3219 | D:4      | Reached XP level 6. HP: 32/32 MP: 8/20
  3281 | D:5      | Entered Level 5 of the Dungeon
  3365 | D:4      | Killed Prince Ribbit
  3365 | D:4      | Reached skill level 5 in Spellcasting
  3365 | D:4      | Reached skill level 8 in Conjurations
  3464 | D:4      | Noticed Ijyb
  3476 | D:4      | Killed Ijyb
  3637 | D:4      | Noticed a phantom
  3642 | D:4      | Killed a phantom
  3642 | D:4      | Reached XP level 7. HP: 36/36 MP: 14/24
  3811 | D:4      | Killed an ogre
  3892 | D:4      | Noticed an ogre
  3897 | D:4      | Killed an ogre
  3956 | D:4      | Found Ruvievva's Armour Boutique.
  4138 | D:4      | Found a staircase to the Ecumenical Temple.
  4143 | Temple   | Entered the Ecumenical Temple
  4390 | Temple   | Became a worshipper of Vehumet
  4549 | D:4      | Reached skill level 9 in Conjurations
  4694 | D:5      | Noticed Menkaure
  4701 | D:5      | Killed Menkaure
  5262 | D:5      | Noticed Duvessa
  5273 | D:5      | Killed Duvessa
  5273 | D:5      | Reached XP level 8. HP: 41/41 MP: 14/27
  5274 | D:5      | Noticed Dowan
  5275 | D:5      | Killed Dowan
  5957 | D:6      | Found Ibiud's Magical Wand Shoppe.
  6015 | D:6      | Reached skill level 10 in Conjurations
  6226 | D:6      | Acquired Vehumet's first power
  6226 | D:6      | Offered knowledge of Sting by Vehumet.
  6602 | D:7      | Noticed a hill giant
  6630 | D:7      | Killed a hill giant
  6630 | D:7      | Reached skill level 10 in Spellcasting
  6630 | D:7      | Reached XP level 9. HP: 34/45 MP: 6/30
  6914 | D:7      | Noticed Eustachio
  6926 | D:7      | Killed Eustachio
  6926 | D:7      | Reached skill level 11 in Conjurations
  6985 | D:7      | Offered knowledge of Freeze by Vehumet.
  7183 | D:7      | Found a sparkling altar of Nemelex Xobeh.
  7593 | D:8      | Reached skill level 12 in Conjurations
  7955 | D:8      | Noticed Psyche
  7958 | D:8      | Killed Psyche
  8079 | D:8      | Offered knowledge of Throw Flame by Vehumet.
  8083 | D:8      | Learned a level 2 spell: Throw Flame
  8433 | D:8      | Reached skill level 1 in Fire Magic
  8449 | D:8      | Upgraded the game from 0.14-a0-1969-g2c76abe to 0.14-a0-1974-gdb6e453
  8537 | D:8      | Reached XP level 10. HP: 50/50 MP: 25/32
  9313 | D:9      | Acquired Vehumet's second power
  9409 | D:9      | Reached skill level 5 in Fire Magic
  9509 | D:9      | Reached skill level 13 in Conjurations
  9583 | D:9      | Offered knowledge of Mephitic Cloud by Vehumet.
  9594 | D:9      | Noticed Pikel
  9605 | D:9      | Killed Pikel
  9751 | D:9      | Learned a level 3 spell: Mephitic Cloud
 10068 | D:9      | Acquired Vehumet's third power
 10171 | D:10     | Entered Level 10 of the Dungeon
 10252 | D:10     | Offered knowledge of Throw Icicle by Vehumet.
 10258 | D:10     | Learned a level 4 spell: Throw Icicle
 10264 | D:10     | Noticed an octopode
 10274 | D:10     | Killed an octopode
 10635 | D:10     | Reached XP level 11. HP: 54/54 MP: 5/33
 10727 | D:10     | Killed an unseen horror
 10727 | D:10     | Reached skill level 14 in Conjurations
 11248 | D:10     | Noticed a hill giant
 11269 | D:10     | Killed a hill giant
 11479 | D:10     | Found a staircase to the Lair.
 11552 | D:10     | Noticed Erica
 11564 | D:10     | Killed Erica
 11564 | D:10     | Offered knowledge of Freezing Cloud by Vehumet.
 11724 | D:11     | Noticed Nergalle
 11844 | D:11     | Killed Nergalle
 11844 | D:11     | Reached skill level 10 in Fire Magic
 12464 | D:11     | Noticed Josephine
 12472 | D:11     | Killed Josephine
 12617 | D:11     | Identified a scroll of acquirement
 12679 | D:11     | Noticed Maurice
 12685 | D:11     | Killed Maurice
 12766 | D:11     | Found a staircase to the Orcish Mines.
 12994 | D:11     | Found an ancient bone altar of Kikubaaqudgha.
 13009 | D:11     | Noticed a hill giant
 13015 | D:11     | Killed a hill giant
 13015 | D:11     | Reached XP level 12. HP: 58/58 MP: 33/35
 13873 | D:12     | Got a pitted ring mail
 14032 | D:12     | Reached skill level 15 in Conjurations
 14056 | D:12     | Identified the +4 ring mail of Xuitasipt {Str+3 Int+3} (You found it on level 12 of the Dungeon)
 14271 | D:13     | Offered knowledge of Ignite Poison by Vehumet.
 14280 | D:13     | Learned a level 5 spell: Ignite Poison
 14376 | D:13     | Noticed a four-headed hydra
 14382 | D:13     | Killed a four-headed hydra
 14502 | D:13     | Noticed Urug
 14517 | D:13     | Killed Urug
 15424 | D:14     | Found a labyrinth entrance.
 15431 | Lab      | Entered a labyrinth
 16379 | Lab      | Noticed a minotaur
 16387 | Lab      | Killed a minotaur
 16438 | Lab      | Got a creamy pearl robe
 16457 | Lab      | Identified the cursed -5 robe of Misfortune {-Cast Contam *Tele EV-4 Str-2 Dex-2 Int-2 Stlth-- Curse} (You found it in a labyrinth)
 16477 | D:14     | Gained mutation: You are frail (-10% HP). [mutagenic glow]
 16497 | D:14     | Gained mutation: Your digestive system is specialised to digest meat. [mutagenic glow]
 16498 | D:14     | Lost mutation: Your digestive system is specialised to digest meat. [potion of cure mutation]
 16498 | D:14     | Lost mutation: You are frail (-10% HP). [potion of cure mutation]
 17179 | Lair:1   | Entered Level 1 of the Lair of Beasts
 17196 | Lair:1   | Learned a level 6 spell: Iron Shot
 18480 | Lair:2   | Reached XP level 13. HP: 62/62 MP: 24/36
 18750 | Lair:1   | Learned a level 2 spell: Ensorcelled Hibernation
 19433 | Lair:2   | Found a burning altar of Makhleb.
 19950 | Lair:3   | Learned a level 1 spell: Apportation
 19952 | Lair:3   | Learned a level 1 spell: Summon Small Mammal
 20172 | Lair:3   | HP: 3/62 [death yak (21)]
 20604 | Lair:3   | Offered knowledge of Bolt of Fire by Vehumet.
 20612 | Lair:3   | Learned a level 6 spell: Bolt of Fire
 21571 | Lair:4   | Offered knowledge of Force Lance by Vehumet.
 21579 | Lair:4   | Learned a level 5 spell: Force Lance
 22029 | Lair:4   | Noticed Maud
 22049 | Lair:4   | Killed Maud
 22049 | Lair:4   | Reached skill level 15 in Spellcasting
 23004 | Lair:5   | Reached skill level 15 in Fire Magic
 23578 | Lair:5   | Found a hole to the Spider Nest.
 23651 | Lair:5   | Learned a level 3 spell: Confuse
 24636 | Lair:6   | Reached XP level 14. HP: 67/67 MP: 33/38
 24716 | Lair:6   | Found a staircase to the Shoals.
 24865 | Lair:6   | Reached skill level 16 in Spellcasting
 25538 | Lair:7   | Offered knowledge of Poisonous Cloud by Vehumet.
 25805 | Lair:7   | Reached skill level 17 in Spellcasting
 26212 | Lair:7   | Found a staircase to the Slime Pits.
 26213 | Lair:7   | Found a viscous altar of Jiyva.
 26580 | Lair:8   | Entered Level 8 of the Lair of Beasts
 26903 | Lair:8   | Reached skill level 18 in Spellcasting
 26943 | Lair:8   | Learned a level 6 spell: Poisonous Cloud
 27246 | Lair:8   | Reached skill level 1 in Shields
 27284 | Lair:8   | Offered knowledge of Delayed Fireball by Vehumet.
 28667 | Orc:1    | Entered Level 1 of the Orcish Mines
 28791 | Orc:2    | Found a white marble altar of Elyvilon.
 29053 | Orc:2    | Noticed Grum
 29059 | Orc:2    | Killed Grum
 29059 | Orc:2    | Offered knowledge of Conjure Ball Lightning by Vehumet.
 29681 | Orc:3    | Found Mikackab's Antique Armour Shoppe.
 29681 | Orc:3    | Found Fron's Jewellery Emporium.
 29694 | Orc:3    | Bought a pair of glowing boots for 51 gold pieces
 29711 | Orc:3    | Upgraded the game from 0.14-a0-1974-gdb6e453 to 0.14-a0-2001-g390038d
 29741 | Orc:3    | Found Plean's Jewellery Emporium.
 29742 | Orc:3    | Found a staircase to the Elven Halls.
 29896 | Orc:3    | Noticed Joseph
 29910 | Orc:3    | Noticed Donald
 29915 | Orc:3    | Killed Joseph
 29926 | Orc:3    | Killed Donald
 30062 | Orc:3    | Found Usofes' Antique Weapon Shoppe.
 30072 | Orc:3    | Found Gonoa's Gadget Emporium.
 30625 | Orc:4    | Entered Level 4 of the Orcish Mines
 30921 | Orc:4    | Noticed lorenz's ghost (powerful HOSk)
 31092 | Orc:4    | Slain by lorenz's ghost

Action                   |  1- 3 |  4- 6 |  7- 9 | 10-12 | 13-15 || total
-------------------------+-------+-------+-------+-------+-------++-------
Melee: Unarmed           |       |       |       |   310 |       ||   310
       Staff             |       |       |       |     3 |     3 ||     6
 Cast: Magic Dart        |    90 |    86 |   232 |   406 |   658 ||  1472
       Iskenderun's Batt |       |    11 |    60 |   141 |   202 ||   414
       Throw Flame       |       |       |     1 |   140 |    74 ||   215
       Throw Icicle      |       |       |       |    21 |     8 ||    29
       Mephitic Cloud    |       |       |       |    60 |    86 ||   146
       Ignite Poison     |       |       |       |    15 |    25 ||    40
       Iron Shot         |       |       |       |    10 |    70 ||    80
       Force Lance       |       |       |       |       |    27 ||    27
       Bolt of Fire      |       |       |       |       |    12 ||    12
       Apportation       |       |       |       |       |     1 ||     1
       Summon Small Mamm |       |       |       |       |     1 ||     1
       Ensorcelled Hiber |       |       |       |       |     1 ||     1
       Poisonous Cloud   |       |       |       |       |     9 ||     9
       Confuse           |       |       |       |       |     1 ||     1
 Abil: Stop Flying       |       |       |       |       |     1 ||     1
       Evoke Flight      |       |       |       |       |     1 ||     1
Evoke: Wand              |       |       |     3 |    12 |     2 ||    17
  Use: Potion            |     4 |     2 |     5 |    13 |     6 ||    30
       Scroll            |       |    13 |     3 |    17 |    10 ||    43
